 Dungeon Crawl Stone Soup version 0.18.1-6-gd335043 (webtiles) character file.

1892036 Ijustatesigmund the Executioner (level 27, 264/264 HPs)
             Began as a Hill Orc Fighter on May 15, 2016.
             Was the Champion of Okawaru.
             Escaped with the Orb
             ... and 3 runes on May 17, 2016!
             The game lasted 04:46:59 (59909 turns).

Ijustatesigmund the Executioner (Hill Orc Fighter) Turns: 59909, Time: 04:46:59

Health: 264/264    AC: 33    Str: 37    XL:     27
Magic:  45/45      EV: 31    Int: 10    God:    Okawaru [******]
Gold:   4962       SH: 41    Dex: 32    Spells: 7 memorised, 12 levels left

rFire  + + +     SeeInvis +     J - +6 broad axe "Piojyshru" {flame, rPois rF+ Str+5 Dex-3}
rCold  + . .     Gourm    .     T - +7 faerie dragon armour {rF+ MP+9}
rNeg   . . .     Faith    .     F - +12 large shield of Prudence {+Blink Dex+6}
rPois  +         Spirit   .     A - +2 helmet
rElec  +         Dismiss  .     z - +2 cloak {rPois}
rCorr  +         Reflect  +     P - +2 pair of gloves {Dex+3}
SustAt .         Harm     .     u - +2 pair of boots {Stlth+}
MR     ++...                    K - amulet of Icao {Reflect rF+ SH+3}
Stlth  +++.......               O - ring "Kurasem" {rCorr *Drain rElec Dex+7 Stlth+}
                                V - ring of Vuutaqec {rC+ Str+4 Int+2 Dex+5 SInv}

@: flying, very resistant to hostile enchantments, fairly stealthy
A: no striking features
a: Heroism, Finesse, Renounce Religion, Evoke Blink
0: Orb of Zot
}: 3/15 runes: decaying, serpentine, silver


You escaped.
You worshipped Okawaru.
Okawaru was exalted by your worship.
You were completely stuffed.

You visited 10 branches of the dungeon, and saw 52 of its levels.
You visited the Abyss 3 times.
You also visited: Sewer and Ice Cave.

You collected 7261 gold pieces.
You spent 2299 gold pieces at shops.

Inventory:

Hand Weapons
 B - the +10 war axe "Mywopun" {venom, rN+ Int+3}
   (Okawaru gifted it to you on level 10 of the Dungeon)

   It poisons the flesh of those it strikes.
   It affects your intelligence (+3).
   It protects you from negative energy.
 J - the +6 broad axe "Piojyshru" (weapon) {flame, rPois rF+ Str+5 Dex-3}
   (Okawaru gifted it to you on level 2 of the Snake Pit)

   It has been specially enchanted to burn those struck by it, causing extra
   injury to most foes and up to half again as much damage against particularly
   susceptible opponents.
   Big, fiery blades are also staple armaments of hydra-hunters.
   It affects your strength (+5).
   It affects your dexterity (-3).
   It protects you from fire.
   It protects you from poison.
Missiles
 L - 6 poisoned javelins
 N - 4 javelins of penetration (quivered)
Armour
 u - a +2 pair of boots of stealth (worn)
 w - the +5 plate armour of Opaobb {+Fly rN+ Regen+ MP-9}
   (Okawaru gifted it to you on level 4 of the Snake Pit)

   It protects you from negative energy.
   It affects your magic capacity (-9).
   It lets you fly.
   It increases your rate of regeneration.
 z - a +2 cloak of poison resistance (worn)
 A - a +2 helmet (worn)
 F - the +12 large shield of Prudence (worn) {+Blink Dex+6}
   (You found it on level 3 of the Elven Halls)

   It affects your dexterity (+6).
   It lets you blink.
 P - a +2 pair of gloves of dexterity (worn)
 T - the +7 faerie dragon armour (worn) {rF+ MP+9}
   (You took it off the Enchantress on level 4 of the Depths)

   It protects you from fire.
   It affects your magic capacity (+9).
Jewellery
 d - the ring "Foden" {rN+ Slay+3}
   (You found it on level 3 of the Elven Halls)

   [ring of positive energy]

   It affects your accuracy and damage with ranged weapons and melee attacks
   (+3).
   It protects you from negative energy.
 t - an uncursed ring of sustain attributes {unknown}
 H - an uncursed ring of protection from magic
 I - an uncursed ring of protection from fire
 K - the amulet of Icao (around neck) {Reflect rF+ SH+3}
   (You found it on level 11 of the Dungeon)

   [amulet of reflection]

   It shields you and reflects attacks.
   It protects you from fire.
   It affects your SH (+3).
 O - the ring "Kurasem" (right hand) {rCorr *Drain rElec Dex+7 Stlth+}
   (You found it on level 11 of the Dungeon)

   [ring of resist corrosion]

   It affects your dexterity (+7).
   It insulates you from electricity.
   It causes draining when unequipped.
   It makes you more stealthy.
 V - the ring of Vuutaqec (left hand) {rC+ Str+4 Int+2 Dex+5 SInv}
   (You took it off a deep elf demonologist on level 3 of the Elven Halls)

   [ring of strength]

   It affects your strength (+4).
   It affects your intelligence (+2).
   It affects your dexterity (+5).
   It protects you from cold.
   It lets you see invisible.
Wands
 e - a wand of teleportation (4/9)
 o - a wand of teleportation (6/9)
 s - a wand of acid (14/15)
 y - a wand of disintegration (11/24)
 E - a wand of digging (10/24)
 Q - a wand of hasting (7/9)
 S - a wand of iceblast (15/15)
Scrolls
 h - 27 scrolls of remove curse
 l - 6 scrolls of fear
 m - a scroll of brand weapon
 v - 9 scrolls of blinking
 C - 4 scrolls of fog
 D - 3 scrolls of recharging
 U - 5 scrolls of teleportation
 W - 2 scrolls of holy word
 X - 2 scrolls of summoning
 Z - 11 scrolls of magic mapping
Potions
 a - 4 potions of berserk rage
 b - 6 potions of brilliance
 c - 3 potions of resistance
 g - a potion of cancellation
 j - 7 potions of flight
 k - 11 potions of curing
 n - 2 potions of agility
 p - a potion of might
 q - a potion of heal wounds
 r - a potion of cure mutation
 x - 6 potions of magic
Books
 M - a book of Death

   Spells                             Type                      Level
   a - Corpse Rot                     Necromancy                   2
   b - Sublimation of Blood           Necromancy                   2
   c - Agony                          Necromancy                   5
   d - Dispel Undead                  Necromancy                   5
   e - Excruciating Wounds            Charms/Necromancy            5
   f - Bolt of Draining               Conjuration/Necromancy       5
Miscellaneous
 R - 2 phantom mirrors
Comestibles
 f - 22 bread rations
 i - 30 meat rations


   Skills:
 - Level 24.4 Fighting
 - Level 25.0 Axes
 - Level 12.0 Throwing
 - Level 19.5 Armour
 - Level 16.2 Dodging
 + Level 13.7 Stealth
 - Level 18.2 Shields
 - Level 8.1 Summonings
 - Level 12.0 Translocations
 - Level 3.0 Air Magic
 - Level 19.1 Invocations
 + Level 16.6 Evocations


You had 12 spell levels left.
You knew the following spells:

 Your Spells              Type           Power        Failure   Level  Hunger
a - Mephitic Cloud        Conj/Pois/Air  #.......     99%         3    ####...
b - Blink                 Tloc           N/A          1%          2    ###....
c - Apportation           Tloc           ###.......   1%          1    ##.....
d - Portal Projectile     Tloc           ###...       1%          3    ####...
e - Repel Missiles        Chrm/Air       #.....       80%         2    ###....
f - Swiftness             Chrm/Air       #.......     80%         2    ###....
g - Summon Butterflies    Summ           ###.....     3%          1    ##.....


Dungeon Overview and Level Annotations

Branches:
Dungeon (15/15)            Temple (1/1) D:4            Lair (8/8) D:10
  Swamp (4/4) Lair:3        Snake (4/4) Lair:5        Slime (0/6) Lair:6
    Orc (2/2) D:9             Elf (3/3) Orc:2        Vaults (5/5) D:13
  Crypt (0/3) Vaults:3     Depths (5/5) D:15            Zot (5/5) Depths:5

Altars:
Ashenzari
Cheibriados
Dithmenos
Elyvilon
Fedhas
Gozag
Kikubaaqudgha
Makhleb
Nemelex Xobeh
Okawaru
Pakellas
Qazlal
Ru
Sif Muna
Trog
Vehumet
Xom
Yredelemnul
Zin
The Shining One
Beogh

Shops:
D:8 ==%[   D:13 ?:   Orc:2 (!*:   Elf:1 *   Snake:1 (   Snake:2 [   Snake:3 [
Vaults:3 *=:[

Portals:
Hell: Depths:1 Depths:2 Depths:3 Depths:4 Depths:5
Abyss: Depths:4
Pandemonium: Depths:1 Depths:3 Depths:4 Depths:5
Ziggurat: Depths:4


Message History

You climb upwards.
There is a stone staircase leading down here.
There is a stone staircase leading up here.
You climb upwards.
There is a stone staircase leading down here.
Evoke which item? (* to show all) (? for menu, Esc to quit)
Zapping:
E - a wand of digging (12/24)
Press: ? - help, Shift-Dir - straight line The rock shatters into small pieces.
This wand has 11 charges left.
Drink which item? (? for menu, Esc to quit)
You feel very buoyant.
You fly up into the air.
There is an open gate here.
You see here 7 stones.
Evoke which item? (* to show all) (? for menu, Esc to quit)
Zapping:
E - a wand of digging (11/24)
Press: ? - help, Shift-Dir - straight line The rock shatters into small pieces.
This wand has 10 charges left.
There is a staircase leading out of the dungeon here.
You have escaped!

§§#...#...##...PPP...##...#...#..
..#...#...##'#PPP..####...#...#..
'##...#...##.#####.#.##..[#...##'
.###..#...#...#.......#...#..###.
...#'##...#...#.>.....#...##'#...
......##'###'##....#'###'##......
##...........###'#.#...........##
.#####.....................######
.....######.....@.....######...##
####......#############......#.##
........................######.##
####.#.########.#.............÷..
#.#.########.#.....#.#######..
#............#...#............
######.########.#.#.#.#.######...
.......##########.#.#.#.# #...
..................#.###.# #.##


There were no monsters in sight!

Vanquished Creatures
  A pandemonium lord (Depths:5)
  7 orbs of fire
  Mara (Snake:4)
  2 juggernauts
  Mennas (Depths:4)
  2 ancient liches (Zot:5)
  Sojobo (Vaults:3)
  A curse toe (Zot:1)
  6 Killer Klowns
  Margery (Vaults:2)
  Norris (Snake:3)
  9 caustic shrikes (Depths:4)
  11 golden dragons
  Nikola (Snake:3)
  Jory (Vaults:3)
  the Enchantress (Depths:4)
  3 bone dragons
  3 electric golems
  20 tentacled monstrosities
  A hellephant (D:10)
  23 Orb Guardians
  6 liches
  2 deep elf blademasters
  A deep elf master archer (Elf:3)
  7 death cobs
  12 titans
  4 tentacled starspawn
  5 sphinxes
  12 tengu reavers
  Frances (D:14)
  Agnes (Snake:2)
  7 shadow dragons
  Donald (Snake:3)
  11 storm dragons
  Wiglaf (Vaults:2)
  10 greater nagas
  14 fire giants
  6 deep elf sorcerers
  13 vault wardens
  5 draconian knights
  10 frost giants
  2 draconian monks (Zot:4)
  2 iron dragons
  4 draconian scorchers
  4 cacodemons
  A ghoul (Vaults:2)
  2 draconian shifters (Zot:2)
  Louise (Snake:3)
  A reaper (Depths:5)
  A balrug (Depths:3)
  3 deep elf elementalists
  4 draconian zealots
  3 spriggan defenders (Depths:4)
  11 ironheart preservers
  4 draconian annihilators
  7 draconian callers
  17 stone giants
  3 war gargoyles (Vaults:5)
  9 green draconians
  34 very ugly things
  9 black draconians
  9 red draconians
  5 deep elf demonologists
  Azrael (Snake:2)
  4 salamander stormcallers
  7 yellow draconians
  5 white draconians
  10 deep elf annihilators
  10 ettins
  12 mottled draconians
  9 purple draconians
  13 spark wasps
  18 deep elf death magi
  26 vault guards
  21 fire dragons
  5 entropy weavers
  14 yaktaur captains
  8 great orbs of eyes
  5 deep elf high priests
  21 naga warriors
  5 rakshasas
  Erolcha (D:9)
  A hell beast (Depths:1)
  6 spriggan air magi
  A quicksilver dragon skeleton (Abyss:4)
  14 ogre magi
  2 monstrous demonspawn (Depths:1)
  25 hydras
  A ghost crab (shapeshifter) (Vaults:5)
  13 centaur warriors
  17 ice dragons
  The ghost of Uhlv the Blocker, a novice DDFi of Makhleb (D:10)
  21 anacondas
  7 alligators
  3 ghost crabs
  5 death knights
  11 deep troll shamans
  3 death yaks (Lair:8)
  An alligator (shapeshifter) (Vaults:5)
  30 dancing weapons
  An orc high priest (Elf:3)
  5 deep troll earth magi
  9 naga sharpshooters
  13 thrashing horrors
  3 tengu warriors
  9 spriggan berserkers
  2 titan zombies
  3 soul eaters
  8 shock serpents
  28 deep elf knights
  5 iron trolls
  3 shadow wraiths
  A wizard (Depths:2)
  13 hell knights
  A titan skeleton (Abyss:2)
  5 fire crabs
  22 large abominations
  7 skeletal warriors
  A spark wasp zombie (Depths:4)
  7 salamander mystics
  5 wretched stars
  A spatial maelstrom (Abyss:4)
  A death drake (Abyss:4)
  4 giant orange brains
  28 deep trolls
  3 flayed ghosts
  A golden dragon zombie (D:15)
  6 naga ritualists
  3 unseen horrors
  10 swamp dragons
  A spriggan druid (Swamp:4)
  14 deep elf archers
  8 hill giants
  12 orc knights
  4 lindwurms (Snake:4)
  3 shambling mangroves (Swamp:4)
  10 ironbrand convokers
  A wolf spider zombie (D:13)
  A shadow dragon zombie (Vaults:4)
  17 mana vipers
  6 harpies
  A stone giant zombie (Abyss:4)
  A mana viper (shapeshifter) (Depths:4)
  8 necromancers
  5 phantasmal warriors
  An oklob plant (Lair:7)
  39 ugly things
  18 salamanders
  3 hornets
  2 worldbinders (Abyss:2)
  A frost giant zombie (Depths:4)
  72 deep elf magi
  2 sixfirhies
  A sphinx skeleton (Depths:4)
  5 orc sorcerers
  9 griffons
  10 manticores
  11 cyclopes
  5 wolf spiders
  2 shadow dragon skeletons
  5 elephants (Lair:8)
  23 moths of wrath
  A black mamba (shapeshifter) (D:13)
  A frost giant skeleton (Vaults:1)
  Maurice (D:9)
  The ghost of Yehuk the Protected, a novice GrBe of Trog (D:6)
  42 black mambas
  11 guardian serpents
  A human skeleton (Vaults:4)
  12 vault sentinels
  33 naga magi
  2 centaur zombies
  4 smoke demons
  3 gargoyles
  A torpor snail (shapeshifter) (Vaults:5)
  6 orange demons
  20 spiny frogs
  A yaktaur zombie (D:15)
  4 rime drakes
  2 rime drakes (shapeshifter)
  A yaktaur (shapeshifter) (Vaults:2)
  3 efreet
  2 kobold demonologists
  7 komodo dragons
  6 freezing wraiths
  5 hellwings
  5 ancient zymes
  59 yaktaurs
  4 ice devils
  A red devil (Depths:3)
  A harpy zombie (Abyss:2)
  3 tengu conjurers (Depths:1)
  14 giant leeches
  A merfolk (D:9)
  13 trolls
  A polar bear (Lair:2)
  2 jumping spiders (Depths:3)
  34 two-headed ogres
  A harpy skeleton (D:15)
  A raiju (Abyss:2)
  7 boulder beetles
  38 blink frogs
  2 blink frogs (shapeshifter)
  50 slime creatures
  2 spriggan zombies
  8 bog bodies
  6 redbacks
  15 spriggans
  A flying skull (Abyss:4)
  A spriggan skeleton (D:15)
  A deep troll zombie (D:15)
  2 shadows
  8 air elementals
  24 starcursed masses
  A tarantella (Depths:3)
  4 wraiths
  3 wyverns
  7 water elementals
  2 ynoxinuls
  A fire dragon skeleton (Vaults:1)
  A vampire (Abyss:4)
  A wyvern (shapeshifter) (Vaults:5)
  80 yaks
  A fire bat (Abyss:2)
  8 hippogriffs
  5 neqoxecs (Abyss:2)
  2 hungry ghosts
  4 fire elementals
  6 basilisks
  A hog (shapeshifter) (Vaults:5)
  3 chaos spawn
  5 insubstantial wisps (Swamp:3)
  44 vampire mosquitoes
  2 spatial vortices (Abyss:4)
  61 nagas
  8 wargs
  2 mottled dragons
  Edmund (D:4)
  20 swamp worms
  17 water moccasins
  9 hell hounds
  A hell hound (shapeshifter) (D:14)
  18 porcupines
  An ogre zombie (Vaults:1)
  10 swamp drakes
  28 orc warriors
  17 wasps
  2 ice beasts (D:9)
  6 black bears
  5 eyes of draining
  4 sky beasts
  A wasp (shapeshifter) (Vaults:2)
  10 wolves
  3 boggarts (Vaults:2)
  24 centaurs
  A phantom (D:5)
  72 ogres
  16 crocodiles
  8 big kobolds
  34 giant frogs
  5 earth elementals
  2 wyvern skeletons
  5 scorpions
  8 killer bees
  The ghost of ThereIsNoGod the Twirler, a weakling DsGl (D:3)
  2 electric eels (Lair:8)
  A vampire bat (D:9)
  12 wights
  7 howler monkeys
  13 crimson imps
  17 orc wizards
  4 quasits
  A giant frog zombie (D:6)
  10 hounds
  An iron imp (Abyss:2)
  6 jellies
  5 centaur skeletons
  14 orc priests
  13 iguanas
  Natasha (twice) (D:3)
  6 worker ants
  12 small abominations
  31 sheep
  2 howler monkey zombies
  A worker ant zombie (D:8)
  11 gnolls
  A howler monkey skeleton (D:6)
  13 adders
  75 river rats
  6 shadow imps
  12 white imps (D:12)
  4 ufetubi
  3 oozes
  A worm (D:3)
  2 dart slugs
  12 giant geckos
  89 orcs
  4 ball pythons
  9 giant cockroaches
  2 gnoll zombies (D:3)
  9 goblins
  12 hobgoblins
  9 jackals
  36 kobolds
  3 quokkas
  13 bats
  A giant cockroach zombie (D:6)
  A giant gecko zombie (D:5)
  4 giant newts
  A jackal zombie (D:5)
  A quokka skeleton (D:6)
  A quokka zombie (D:6)
  13 rats
  8 crawling corpses
  A fire vortex (Depths:3)
  9 fungi
  A macabre mass (Depths:4)
  9 plants
  5 starspawn tentacles (Abyss:2)
2825 creatures vanquished.

Vanquished Creatures (collateral kills)
  A green draconian (Zot:5)
  A black mamba (Snake:4)
  A guardian serpent (Snake:4)
3 creatures vanquished.

Vanquished Creatures (others)
  A deep elf blademaster (Elf:3)
  A deep elf master archer (Elf:3)
  3 fire giants
  A draconian knight (Zot:5)
  A draconian scorcher (Zot:3)
  A deep elf elementalist (Elf:3)
  2 stone giants
  A very ugly thing (Depths:2)
  A purple draconian (Zot:4)
  A deep elf death mage (Depths:4)
  A great orb of eyes (Depths:2)
  3 yaktaur captains (Vaults:5)
  A spriggan air mage (Depths:3)
  An ogre mage (Depths:3)
  A tengu warrior (Depths:4)
  A naga sharpshooter (Snake:1)
  A deep elf knight (Elf:2)
  A hill giant (shapeshifter) (Vaults:5)
  4 deep elf magi
  4 deep elf archers
  2 cyclopes
  A moth of wrath (Zot:5)
  14 yaktaurs
  A two-headed ogre (Orc:2)
  A water elemental (Elf:1)
  A warg (Vaults:2)
  A naga (Snake:3)
  A warg (shapeshifter) (Depths:4)
  A water moccasin (Lair:8)
  A wasp (Depths:4)
  An eye of draining (Abyss:2)
  A centaur (Depths:1)
  An ufetubus (Depths:5)
  A kobold (D:11)
  4 bushes (D:14)
  10 demonic plants (Abyss:2)
  A fire vortex (Abyss:4)
  7 fungi
  A lurking horror (Abyss:4)
  22 plants
  4 starspawn tentacles
108 creatures vanquished.

Grand Total: 2936 creatures vanquished

Notes
Turn   | Place    | Note
--------------------------------------------------------------
     0 | D:1      | Ijustatesigmund the Hill Orc Fighter began the quest for the Orb.
     0 | D:1      | Reached XP level 1. HP: 19/19 MP: 1/1
   278 | D:1      | Reached skill level 3 in Axes
   278 | D:1      | Reached XP level 2. HP: 27/27 MP: 2/2
   698 | D:1      | Reached XP level 3. HP: 34/34 MP: 3/3
   968 | D:2      | Reached skill level 4 in Axes
  1180 | D:2      | Reached XP level 4. HP: 37/41 MP: 4/4
  1322 | D:2      | Reached skill level 5 in Axes
  1679 | D:3      | Found a shattered altar of Ashenzari.
  1687 | D:3      | Noticed ThereIsNoGod's ghost (weakling DsGl)
  1702 | D:3      | HP: 2/41 [ThereIsNoGod's ghost (7)]
  1703 | D:3      | Killed ThereIsNoGod's ghost
  1703 | D:3      | Reached skill level 5 in Fighting
  1703 | D:3      | Reached XP level 5. HP: 3/48 MP: 5/5
  1989 | D:3      | Noticed Natasha
  1996 | D:3      | Killed Natasha
  1996 | D:3      | Reached skill level 6 in Axes
  2053 | D:3      | Noticed Natasha
  2063 | D:3      | Killed Natasha
  2196 | D:3      | Found a shimmering altar of Xom.
  2253 | D:3      | Reached XP level 6. HP: 56/56 MP: 6/6
  2344 | D:3      | Found a basalt altar of Yredelemnul.
  2508 | D:3      | Reached skill level 7 in Axes
  2765 | D:4      | Found a staircase to the Ecumenical Temple.
  2767 | D:4      | Noticed Edmund
  2786 | D:4      | Killed Edmund
  2786 | D:4      | Reached skill level 8 in Axes
  2786 | D:4      | Reached XP level 7. HP: 44/64 MP: 7/7
  2794 | Temple   | Entered the Ecumenical Temple
  3032 | D:4      | Reached skill level 9 in Axes
  3091 | D:4      | Found an iron altar of Okawaru.
  3091 | D:4      | Found a glowing golden altar of the Shining One.
  3098 | D:4      | Became a worshipper of Warmaster Okawaru
  3290 | D:4      | Reached skill level 1 in Invocations
  3314 | D:4      | Found a deep blue altar of Sif Muna.
  3446 | D:5      | Entered Level 5 of the Dungeon
  3469 | D:5      | Reached XP level 8. HP: 26/71 MP: 9/9
  3653 | D:5      | Found an ancient bone altar of Kikubaaqudgha.
  3696 | D:5      | Reached * piety under Okawaru
  3771 | D:5      | Reached skill level 5 in Armour
  3791 | D:5      | Reached skill level 5 in Invocations
  3964 | D:5      | Found a snail-covered altar of Cheibriados.
  4586 | D:6      | Noticed Yehuk's ghost (novice GrBe)
  4735 | D:6      | Killed Yehuk's ghost
  4735 | D:6      | Reached ** piety under Okawaru
  4735 | D:6      | Reached XP level 9. HP: 44/78 MP: 13/13
  4780 | D:6      | Reached skill level 10 in Axes
  4978 | D:6      | Found a glowing drain.
  4982 | Sewer    | Entered a sewer
  5849 | D:7      | Reached skill level 11 in Axes
  6021 | D:7      | Reached *** piety under Okawaru
  6679 | D:8      | Found Dasesawk's Armour Emporium.
  6685 | D:8      | Bought a +1 cloak of poison resistance for 162 gold pieces
  6685 | D:8      | Bought a +2 helmet for 198 gold pieces
  6763 | D:8      | Reached XP level 10. HP: 84/84 MP: 14/14
  6774 | D:8      | Found a white marble altar of Elyvilon.
  7027 | D:8      | Got a slimy war axe
  7028 | D:8      | Identified the cursed +2 war axe "Ceoffati" {chop, rElec Int+3 Dex-3 Stlth+} (You found it on level 8 of the Dungeon)
  7113 | D:8      | Found Zaotuof's Jewellery Boutique.
  7183 | D:8      | Found Aleps's Food Shop.
  7195 | D:8      | Reached skill level 5 in Shields
  7200 | D:8      | Found Wihauphe's Jewellery Shop.
  7351 | D:9      | Noticed Maurice
  7370 | D:9      | Killed Maurice
  7370 | D:9      | Reached skill level 12 in Axes
  7629 | D:9      | Noticed Erolcha
  7641 | D:9      | Killed Erolcha
  7641 | D:9      | Reached **** piety under Okawaru
  7657 | D:9      | Found a staircase to the Orcish Mines.
  7846 | D:9      | Killed an unseen horror
  7846 | D:9      | Reached skill level 13 in Axes
  7957 | D:9      | Noticed an ice dragon
  7996 | D:9      | Killed an ice dragon
  8008 | D:9      | Reached XP level 11. HP: 66/97 MP: 13/16
  8323 | D:9      | Reached ***** piety under Okawaru
  8423 | D:9      | Gained mutation: You have sharp fingernails. [potion of mutation]
  8423 | D:9      | Gained mutation: Your mind is acute. (Int +2) [potion of mutation]
  8423 | D:9      | Gained mutation: You have a somewhat thin skeletal structure (Dex +2, Stealth). [potion of mutation]
  8471 | D:9      | Reached skill level 10 in Fighting
  8501 | D:9      | Identified a scroll of acquirement
  8779 | D:9      | Noticed a cyclops
  8785 | D:9      | Killed a cyclops
  8871 | D:10     | Entered Level 10 of the Dungeon
  8992 | D:10     | Noticed Uhlv's ghost (novice DDFi)
  9013 | D:10     | Killed Uhlv's ghost
  9013 | D:10     | Received a gift from Okawaru
  9013 | D:10     | Reached skill level 14 in Axes
  9016 | D:10     | Got a jewelled war axe {god gift}
  9017 | D:10     | Identified the +10 war axe "Mywopun" {venom, rN+ Int+3} (Okawaru gifted it to you on level 10 of the Dungeon)
  9136 | D:10     | Found a staircase to the Lair.
  9766 | D:11     | Noticed a hill giant
  9777 | D:11     | Killed a hill giant
  9777 | D:11     | Received a gift from Okawaru
  9780 | D:11     | Got a faintly glowing hand axe {god gift}
  9829 | D:11     | Identified the +1 hand axe of Ojeseeg {chop, *Contam MP+9 Dex+2} (Okawaru gifted it to you on level 11 of the Dungeon)
  9882 | D:11     | Reached skill level 10 in Invocations
  9892 | D:11     | Got a wavering diamond amulet
  9895 | D:11     | Found an iron altar of Okawaru.
 10193 | D:11     | Noticed a hill giant
 10203 | D:11     | Killed a hill giant
 10216 | D:11     | Got a shimmering brass ring
 10217 | D:11     | Identified the amulet of Icao {Reflect rF+ SH+3} (You found it on level 11 of the Dungeon)
 10219 | D:11     | Identified the ring "Kurasem" {rCorr *Drain rElec Dex+7 Stlth+} (You found it on level 11 of the Dungeon)
 10368 | D:11     | Reached XP level 12. HP: 110/110 MP: 19/19
 10697 | D:12     | Found a stormy altar of Qazlal.
 10733 | D:12     | Found a frozen archway.
 10766 | IceCv    | Entered an ice cave
 11227 | D:12     | Reached skill level 15 in Axes
 11626 | D:13     | Found a gate to the Vaults.
 11626 | D:13     | Noticed a yaktaur captain
 11764 | D:13     | Killed a yaktaur captain
 11936 | D:13     | Found Bupn's Book Emporium.
 12023 | D:13     | Noticed an eight-headed hydra
 12141 | Orc:1    | Entered Level 1 of the Orcish Mines
 12168 | Orc:1    | Found a roughly hewn altar of Beogh.
 12395 | Orc:2    | Entered Level 2 of the Orcish Mines
 12426 | Orc:2    | Reached skill level 5 in Dodging
 12463 | Orc:2    | Received a gift from Okawaru
 12537 | Orc:1    | Reached XP level 13. HP: 99/119 MP: 20/20
 12747 | Orc:2    | Noticed an ogre mage
 12781 | Orc:2    | Reached skill level 16 in Axes
 12785 | Orc:2    | Killed an ogre mage
 12826 | Orc:1    | Reached ****** piety under Okawaru
 12865 | Orc:2    | Found Liyf's Assorted Antiques.
 12865 | Orc:2    | Found Focsi's Book Shop.
 12868 | Orc:2    | Found Majiu's Antique Weapon Boutique.
 12868 | Orc:2    | Found Opallo's Distillery.
 12883 | Orc:2    | Bought a potion of berserk rage for 70 gold pieces
 13082 | Orc:2    | Found a staircase to the Elven Halls.
 13349 | Lair:1   | Entered Level 1 of the Lair of Beasts
 13371 | Lair:1   | Learned a level 3 spell: Mephitic Cloud
 13464 | Lair:1   | Reached skill level 10 in Armour
 13550 | Lair:1   | Reached skill level 1 in Air Magic
 14317 | Lair:1   | Received a gift from Okawaru
 14353 | Lair:1   | Reached skill level 1 in Throwing
 14610 | Lair:2   | Reached XP level 14. HP: 120/130 MP: 21/21
 15460 | Lair:3   | Received a gift from Okawaru
 15481 | Lair:3   | Reached skill level 17 in Axes
 15798 | Lair:3   | Found a staircase to the Swamp.
 16252 | Swamp:1  | Entered Level 1 of the Swamp
 16873 | Swamp:1  | Received a gift from Okawaru
 17065 | Swamp:2  | Received a gift from Okawaru
 17531 | Swamp:2  | Received a gift from Okawaru
 17822 | Swamp:3  | Reached skill level 15 in Fighting
 18536 | Swamp:3  | Reached XP level 15. HP: 60/141 MP: 23/23
 18963 | Swamp:4  | Entered Level 4 of the Swamp
 18978 | Swamp:4  | Received a gift from Okawaru
 18985 | Swamp:4  | Got a transparent war axe {god gift}
 18987 | Swamp:4  | Got a translucent garnet amulet
 18990 | Swamp:4  | Identified the amulet "Niepohiw" {Gourm rPois Str+8 Int-2 SInv} (You found it on level 4 of the Swamp)
 18991 | Swamp:4  | Identified the +9 war axe of the Weasel {flame, +Fly} (Okawaru gifted it to you on level 4 of the Swamp)
 19193 | Swamp:4  | Received a gift from Okawaru
 19343 | Swamp:4  | Got a decaying rune of Zot
 19382 | Swamp:4  | Reached skill level 10 in Shields
 20162 | Lair:4   | Received a gift from Okawaru
 20833 | Lair:4   | Gained mutation: You are partially covered in rough black scales (AC +4, Dex -1). [potion of beneficial mutation]
 21007 | Lair:5   | Received a gift from Okawaru
 21413 | Lair:5   | Found a staircase to the Snake Pit.
 21851 | Lair:5   | Reached XP level 16. HP: 141/149 MP: 26/26
 22189 | Lair:6   | Learned a level 2 spell: Blink
 22191 | Lair:6   | Learned a level 1 spell: Apportation
 22298 | Lair:6   | Reached skill level 1 in Translocations
 22541 | Lair:6   | Found a staircase to the Slime Pits.
 23114 | Lair:7   | Identified Cistruph's Compendium of the Entourage and Necromancy
 23361 | Lair:8   | Entered Level 8 of the Lair of Beasts
 23391 | Lair:8   | Received a gift from Okawaru
 23445 | Lair:8   | Received a gift from Okawaru
 23483 | Lair:8   | Reached skill level 5 in Translocations
 23681 | Lair:8   | Got a transparent scale mail
 23682 | Lair:8   | Identified the +3 scale mail of Naor {rElec Int+2} (You found it on level 8 of the Lair of Beasts)
 24605 | Lair:1   | Learned a level 3 spell: Portal Projectile
 24913 | D:13     | Found Tatt's Magic Scroll Emporium.
 24916 | D:13     | Bought a scroll of enchant armour for 112 gold pieces
 24916 | D:13     | Bought a scroll of blinking for 112 gold pieces
 24916 | D:13     | Bought a scroll of blinking for 112 gold pieces
 24916 | D:13     | Bought 3 scrolls of identify for 90 gold pieces
 25006 | D:13     | Received a gift from Okawaru
 25006 | D:13     | Reached skill level 1 in Stealth
 25298 | D:14     | Noticed Frances
 25748 | D:14     | Reached skill level 5 in Stealth
 25826 | D:14     | Reached skill level 18 in Axes
 25903 | D:14     | Killed Frances
 26208 | D:15     | Entered Level 15 of the Dungeon
 26286 | D:15     | Reached XP level 17. HP: 153/156 MP: 27/27
 26314 | D:15     | Found a staircase to the Depths.
 26759 | D:15     | Received a gift from Okawaru
 27210 | Snake:1  | Entered Level 1 of the Snake Pit
 27217 | Snake:1  | Found Vumen's Antique Weapon Boutique.
 27744 | Snake:1  | Reached skill level 19 in Axes
 28581 | Snake:2  | Received a gift from Okawaru
 28927 | Snake:2  | Found Cetaef's Armour Shoppe.
 29070 | Snake:2  | Noticed Azrael
 29086 | Snake:2  | Killed Azrael
 29316 | Snake:2  | Received a gift from Okawaru
 29324 | Snake:2  | Got a steaming broad axe {god gift}
 29325 | Snake:2  | Identified the +6 broad axe "Piojyshru" {flame, rPois rF+ Str+5 Dex-3} (Okawaru gifted it to you on level 2 of the Snake Pit)
 29384 | Snake:2  | Reached skill level 20 in Axes
 29473 | Snake:2  | Noticed Agnes
 29482 | Snake:2  | Killed Agnes
 29854 | Snake:3  | Reached XP level 18. HP: 170/170 MP: 28/28
 29984 | Snake:3  | Noticed Louise
 30005 | Snake:3  | Killed Louise
 30005 | Snake:3  | Received a gift from Okawaru
 30281 | Snake:3  | Found Ruxye's Armour Boutique.
 30321 | Snake:3  | Noticed Nikola
 30331 | Snake:3  | Killed Nikola
 30337 | Snake:3  | Reached skill level 10 in Dodging
 30661 | Snake:3  | Noticed Norris
 30924 | Snake:3  | Noticed Donald
 30978 | Snake:3  | Killed Donald
 31392 | Snake:3  | Killed Norris
 31392 | Snake:3  | Received a gift from Okawaru
 31885 | Snake:4  | Entered Level 4 of the Snake Pit
 32132 | Snake:4  | Noticed Mara
 32162 | Snake:4  | Noticed Ijustatesigmund's illusion
 32602 | Snake:4  | Received a gift from Okawaru
 32791 | Snake:4  | Found Marynlua's Jewellery Shoppe.
 33001 | Snake:4  | Noticed Ijustatesigmund's illusion
 33371 | Snake:4  | Received a gift from Okawaru
 33374 | Snake:4  | Got a scorched war axe {god gift}
 33375 | Snake:4  | Identified the +6 war axe "Lehogur" {chop, rF+ Str+2 Int+5} (Okawaru gifted it to you on level 4 of the Snake Pit)
 33487 | Snake:4  | Reached XP level 19. HP: 174/179 MP: 24/29
 33490 | Snake:4  | Reached skill level 5 in Throwing
 33512 | Snake:4  | Noticed Ijustatesigmund's illusion
 33563 | Snake:4  | Killed Mara
 33886 | Snake:4  | Received a gift from Okawaru
 34243 | Snake:4  | Reached skill level 21 in Axes
 34597 | Snake:4  | Got a heavily runed plate armour {god gift}
 34598 | Snake:4  | Identified the +5 plate armour of Opaobb {+Fly rN+ Regen+ MP-9} (Okawaru gifted it to you on level 4 of the Snake Pit)
 34945 | Snake:4  | Got a serpentine rune of Zot
 35573 | Vaults:1 | Entered Level 1 of the Vaults
 35585 | Vaults:1 | Found a deep blue altar of Sif Muna.
 36707 | Vaults:2 | Noticed Margery
 36716 | Vaults:2 | Reached skill level 15 in Invocations
 36718 | Vaults:2 | Received a gift from Okawaru
 36733 | Vaults:2 | Reached XP level 20. HP: 140/189 MP: 15/31
 36747 | Vaults:2 | Killed Margery
 36779 | Vaults:2 | Received a gift from Okawaru
 37550 | Vaults:2 | Noticed Wiglaf
 37570 | Vaults:2 | Killed Wiglaf
 37727 | Vaults:2 | Received a gift from Okawaru
 37779 | Vaults:2 | Received a gift from Okawaru
 38284 | Vaults:3 | Noticed Jory
 38314 | Vaults:3 | Killed Jory
 38316 | Vaults:3 | Reached skill level 10 in Translocations
 38373 | Vaults:3 | Found Lomuplug's Book Boutique.
 38476 | Vaults:3 | Found Fyirchino's Antique Armour Emporium.
 38484 | Vaults:3 | Bought a warped plate armour for 1092 gold pieces
 38485 | Vaults:3 | Identified the +4 plate armour of the Wasteland {+Inv MP+9 Int-2} (You bought it in a shop on level 3 of the Vaults)
 38488 | Vaults:3 | Bought a transparent ring mail for 351 gold pieces
 38499 | Vaults:3 | Identified the cursed +0 ring mail of Selojuj {Stlth+} (You bought it in a shop on level 3 of the Vaults)
 38631 | Vaults:3 | Found Emynnuli's Jewellery Shop.
 38742 | Vaults:3 | Found Yvam's General Store.
 38744 | Vaults:3 | Noticed Sojobo
 38771 | Vaults:3 | Reached XP level 21. HP: 155/195 MP: 24/33
 38785 | Vaults:3 | Killed Sojobo
 38814 | Vaults:3 | Paralysed by a great orb of eyes for 5 turns
 39142 | Vaults:3 | Found a staircase to the Crypt.
 39142 | Vaults:3 | Found a basalt altar of Yredelemnul.
 39143 | Vaults:3 | Found an ancient bone altar of Kikubaaqudgha.
 39834 | Vaults:4 | Received a gift from Okawaru
 39958 | Vaults:4 | Received a gift from Okawaru
 40141 | Vaults:4 | Identified Ijustatesigmund's Papyrus of Orientation and Attacks (You acquired it on level 4 of the Vaults)
 40334 | Vaults:4 | Got a pitted war axe
 40335 | Vaults:4 | Identified the cursed +0 war axe "Ripnutau" {flame, rF+ Str+2 Int+4} (You found it on level 4 of the Vaults)
 40697 | Vaults:4 | Received a gift from Okawaru
 40697 | Vaults:4 | Reached skill level 22 in Axes
 41345 | Elf:1    | Entered Level 1 of the Elven Halls
 41848 | Elf:1    | Reached XP level 22. HP: 202/209 MP: 25/34
 42019 | Elf:1    | Got a smoking chain mail
 42243 | Elf:1    | Found Inykiluh's Assorted Antiques.
 42399 | Elf:1    | Identified the +1 chain mail of the End {rPois} (You found it on level 1 of the Elven Halls)
 42516 | Elf:2    | Found a runed gate.
 42517 | Elf:2    | Found a runed gate.
 42518 | Elf:2    | Found a runed gate.
 43132 | Elf:2    | Reached skill level 10 in Throwing
 43448 | Elf:2    | Cast into level 2 of the Abyss (war axe of distortion)
 43617 | Abyss:2  | Reached skill level 23 in Axes
 43637 | Abyss:2  | Received a gift from Okawaru
 43951 | Abyss:2  | Gained mutation: Scrolls take you a little longer to read. [a neqoxec]
 44014 | Abyss:2  | Received a gift from Okawaru
 44198 | Abyss:2  | Paralysed by accursed screaming for 1 turns
 44534 | Abyss:2  | Gained mutation: You are partially covered in icy blue scales (AC +1). [a neqoxec]
 44536 | Abyss:2  | Gained mutation: You are frail (-10% HP). [a neqoxec]
 44643 | Abyss:2  | Lost mutation: Scrolls take you a little longer to read. [a neqoxec]
 44644 | Abyss:2  | Gained mutation: You expend magic power (3 MP) to strengthen your wands. [a neqoxec]
 44659 | Elf:2    | Escaped the Abyss
 44801 | Elf:3    | Entered Level 3 of the Elven Halls
 44890 | Elf:3    | Reached XP level 23. HP: 160/196 MP: 20/35
 45557 | Elf:3    | Reached skill level 24 in Axes
 45691 | Elf:3    | Got a twitching copper ring
 45705 | Elf:3    | Identified the ring of Vuutaqec {rC+ Str+4 Int+2 Dex+5 SInv} (You took it off a deep elf demonologist on level 3 of the Elven Halls)
 45713 | Elf:3    | Got a flickering graven amulet
 45715 | Elf:3    | Identified the Reference Book on the Sinister Oath
 45744 | Elf:3    | Identified the amulet "Xaots" {RegenMP +Fly} (You found it on level 3 of the Elven Halls)
 45774 | Elf:3    | Got a wavering steel ring
 45788 | Elf:3    | Learned a level 2 spell: Repel Missiles
 45791 | Elf:3    | Learned a level 2 spell: Swiftness
 45795 | Elf:3    | Identified the ring "Cofohal" {SustAt rPois MP+9} (You found it on level 3 of the Elven Halls)
 45856 | Elf:3    | Got a clouded golden ring
 45857 | Elf:3    | Identified the ring "Foden" {rN+ Slay+3} (You found it on level 3 of the Elven Halls)
 45932 | Elf:3    | Got a crude large shield
 45943 | Elf:3    | Identified the +12 large shield of Prudence {+Blink Dex+6} (You found it on level 3 of the Elven Halls)
 46338 | Depths:1 | Entered Level 1 of the Depths
 46353 | Depths:1 | Received a gift from Okawaru
 46419 | Depths:1 | Reached skill level 15 in Armour
 46546 | Depths:1 | Found a gateway to Hell.
 46596 | Depths:1 | Reached skill level 1 in Evocations
 46642 | Depths:1 | Received a gift from Okawaru
 47106 | Depths:1 | Found a one-way gate leading to the halls of Pandemonium.
 47125 | Depths:1 | Gained mutation: Armour fits poorly on your strangely shaped body. [a cacodemon]
 47389 | Depths:2 | Reached XP level 24. HP: 205/205 MP: 26/35
 47460 | Depths:2 | Reached skill level 5 in Evocations
 47843 | Depths:2 | Paralysed by a wizard for 3 turns
 48194 | Depths:3 | Noticed a juggernaut
 48223 | Depths:3 | Killed a juggernaut
 48223 | Depths:3 | Received a gift from Okawaru
 48361 | Depths:3 | Received a gift from Okawaru
 48443 | Depths:3 | Got an iridescent battleaxe {god gift}
 48444 | Depths:3 | Identified the +3 battleaxe of Byanid {drain, rN+ Int+4 Dex+2} (Okawaru gifted it to you on level 3 of the Depths)
 48480 | Depths:3 | Cast into level 3 of the Abyss (a lich)
 48800 | Depths:3 | Escaped the Abyss
 48973 | Depths:3 | Received a gift from Okawaru
 49414 | Depths:3 | Received a gift from Okawaru
 49576 | Depths:4 | Found a gateway to a ziggurat.
 49602 | Depths:4 | Noticed the Enchantress
 49603 | Depths:4 | Reached XP level 25. HP: 212/212 MP: 26/35
 49625 | Depths:4 | Received a gift from Okawaru
 49631 | Depths:4 | Killed the Enchantress
 49698 | Depths:4 | Got a faerie dragon armour
 49699 | Depths:4 | Identified the +7 faerie dragon armour {rF+ MP+9} (You took it off the Enchantress on level 4 of the Depths)
 49926 | Depths:4 | Noticed Mennas
 49958 | Depths:4 | Killed Mennas
 49966 | Depths:4 | Found a one-way gate to the infinite horrors of the Abyss.
 50158 | Depths:4 | Received a gift from Okawaru
 50180 | Depths:4 | Got a blackened broad axe {god gift}
 50181 | Depths:4 | Identified the +1 broad axe "Xuenah" {freeze, -Tele Fragile +Fly rC+++} (Okawaru gifted it to you on level 4 of the Depths)
 50583 | Depths:4 | Received a gift from Okawaru
 50589 | Depths:4 | Reached skill level 25 in Axes
 50596 | Depths:4 | Reached skill level 15 in Shields
 50641 | Depths:4 | Reached XP level 26. HP: 158/225 MP: 26/35
 50648 | Depths:4 | Noticed a juggernaut
 50680 | Depths:4 | Killed a juggernaut
 51437 | Vaults:5 | Entered Level 5 of the Vaults
 51445 | Vaults:5 | Received a gift from Okawaru
 51718 | Vaults:5 | Cast into level 4 of the Abyss (salamander stormcaller)
 51776 | Abyss:4  | Gained mutation: You are clumsy. (Dex -2) [a cacodemon]
 51789 | Abyss:4  | Gained mutation: Scrolls take you a little longer to read. [a cacodemon]
 51864 | Abyss:4  | Found a snail-covered altar of Cheibriados.
 52011 | Abyss:4  | Reached XP level 27. HP: 207/237 MP: 26/35
 52017 | Vaults:5 | Escaped the Abyss
 52029 | Vaults:5 | Received a gift from Okawaru
 52060 | Vaults:5 | Paralysed by a sphinx for 2 turns
 52092 | Vaults:5 | Got a scorched broad axe {god gift}
 52198 | Vaults:5 | Got a warped chain mail
 52201 | Vaults:5 | Identified the +2 chain mail "Saquf" {MR- Dex+3} (You found it on level 5 of the Vaults)
 52204 | Vaults:5 | Identified the +2 broad axe of Prescription {venom, rPois rC+ MR+} (Okawaru gifted it to you on level 5 of the Vaults)
 52334 | Vaults:5 | Identified Sif Muna's Grimoire of Venom and Stones
 52356 | Vaults:5 | Got a silver rune of Zot
 52578 | Vaults:5 | Received a gift from Okawaru
 52713 | Vaults:5 | Got a twitching steel ring
 52716 | Vaults:5 | Identified the ring "Loiwoudd" {rElec rPois MP-9 Str+3} (You found it on level 5 of the Vaults)
 53597 | Depths:5 | Entered Level 5 of the Depths
 53630 | Depths:5 | Reached skill level 15 in Dodging
 53649 | Depths:5 | Lost mutation: Armour fits poorly on your strangely shaped body. [potion of cure mutation]
 53649 | Depths:5 | Lost mutation: You have a somewhat thin skeletal structure (Dex +2, Stealth). [potion of cure mutation]
 53649 | Depths:5 | Lost mutation: Your mind is acute. (Int +2) [potion of cure mutation]
 53650 | Depths:5 | Lost mutation: You are clumsy. (Dex -2) [potion of cure mutation]
 53650 | Depths:5 | Lost mutation: You are frail (-10% HP). [potion of cure mutation]
 53650 | Depths:5 | Lost mutation: You expend magic power (3 MP) to strengthen your wands. [potion of cure mutation]
 53650 | Depths:5 | Lost mutation: You are partially covered in rough black scales (AC +4, Dex -1). [potion of cure mutation]
 53710 | Depths:5 | Lost mutation: Scrolls take you a little longer to read. [potion of cure mutation]
 53710 | Depths:5 | Lost mutation: You have sharp fingernails. [potion of cure mutation]
 53710 | Depths:5 | Lost mutation: You are partially covered in icy blue scales (AC +1). [potion of cure mutation]
 54032 | Depths:5 | Found a gate to the Realm of Zot.
 54086 | Zot:1    | Entered Level 1 of the Realm of Zot
 54115 | Zot:1    | Received a gift from Okawaru
 54217 | Zot:1    | Received a gift from Okawaru
 54234 | Zot:1    | Got a crystal broad axe {god gift}
 54235 | Zot:1    | Identified the +4 broad axe "Widowmaker" {drain, Int+4 Dex-2} (Okawaru gifted it to you on level 1 of the Realm of Zot)
 54414 | Zot:1    | Noticed an orb of fire
 54418 | Zot:1    | Gained mutation: Your body sometimes deteriorates upon taking damage. [an orb of fire]
 54428 | Zot:1    | Gained mutation: You expend magic power (3 MP) to strengthen your wands. [an orb of fire]
 54439 | Zot:1    | Gained mutation: You are weak. (Str -2) [an orb of fire]
 54457 | Zot:1    | Killed an orb of fire
 55123 | Zot:2    | Learned a level 1 spell: Summon Butterflies
 55292 | Zot:2    | Reached skill level 1 in Summonings
 55297 | Zot:2    | Received a gift from Okawaru
 55851 | Zot:3    | Reached skill level 5 in Summonings
 56048 | Zot:3    | Received a gift from Okawaru
 56187 | Zot:3    | Reached skill level 10 in Evocations
 56198 | Zot:3    | Received a gift from Okawaru
 56684 | Zot:4    | Noticed an orb of fire
 56701 | Zot:4    | Gained mutation: Scrolls take you a little longer to read. [an orb of fire]
 56702 | Zot:4    | Received a gift from Okawaru
 56720 | Zot:4    | Killed an orb of fire
 56978 | Zot:4    | Noticed an orb of fire
 56984 | Zot:4    | Gained mutation: You are very weak. (Str -4) [an orb of fire]
 56989 | Zot:4    | Gained mutation: Your magical capacity is low (-10% MP). [an orb of fire]
 57000 | Zot:4    | Gained mutation: You are agile. (Dex +2) [an orb of fire]
 57005 | Zot:4    | Gained mutation: You occasionally shout uncontrollably at your foes. [an orb of fire]
 57006 | Zot:4    | Gained mutation: You are occasionally teleported next to monsters. [an orb of fire]
 57010 | Zot:4    | Killed an orb of fire
 57646 | Zot:5    | Entered Level 5 of the Realm of Zot
 57653 | Zot:5    | Noticed an ancient lich
 57653 | Zot:5    | Noticed an ancient lich
 57654 | Zot:5    | Noticed an orb of fire
 57654 | Zot:5    | Noticed an orb of fire
 57654 | Zot:5    | Noticed an orb of fire
 57657 | Zot:5    | Gained mutation: You tend to lose your temper in combat. [an orb of fire]
 57743 | Zot:4    | Reached skill level 10 in Stealth
 57745 | Zot:4    | Lost mutation: Your body sometimes deteriorates upon taking damage. [potion of cure mutation]
 57745 | Zot:4    | Lost mutation: You are agile. (Dex +2) [potion of cure mutation]
 57745 | Zot:4    | Lost mutation: You are occasionally teleported next to monsters. [potion of cure mutation]
 57745 | Zot:4    | Lost mutation: You occasionally shout uncontrollably at your foes. [potion of cure mutation]
 57745 | Zot:4    | Lost mutation: You expend magic power (3 MP) to strengthen your wands. [potion of cure mutation]
 57745 | Zot:4    | Lost mutation: You tend to lose your temper in combat. [potion of cure mutation]
 57745 | Zot:4    | Lost mutation: Scrolls take you a little longer to read. [potion of cure mutation]
 57881 | Zot:5    | Received a gift from Okawaru
 57986 | Zot:5    | Lost mutation: Your magical capacity is low (-10% MP). [potion of cure mutation]
 57986 | Zot:5    | Lost mutation: You are very weak. (Str -4) [potion of cure mutation]
 57986 | Zot:5    | Lost mutation: You are weak. (Str -2) [potion of cure mutation]
 58265 | Zot:5    | Killed an ancient lich
 58283 | Zot:5    | Received a gift from Okawaru
 58365 | Zot:5    | Gained mutation: You tend to lose your temper in combat. [an orb of fire]
 58366 | Zot:5    | Killed an orb of fire
 58390 | Zot:5    | Reached skill level 15 in Evocations
 58398 | Zot:5    | Received a gift from Okawaru
 58530 | Zot:5    | Gained mutation: You are dopey. (Int -2) [an orb of fire]
 58550 | Zot:5    | Killed an orb of fire
 58571 | Zot:5    | Noticed an orb of fire
 58573 | Zot:5    | Gained mutation: You are frail (-10% HP). [an orb of fire]
 58578 | Zot:5    | Gained mutation: Your body sometimes deteriorates upon taking damage. [an orb of fire]
 58714 | Zot:5    | Gained mutation: You often lose your temper in combat. [an orb of fire]
 58721 | Zot:5    | Killed an orb of fire
 58825 | Zot:5    | Gained mutation: Your magical capacity is low (-10% MP). [an orb of fire]
 58830 | Zot:5    | Gained mutation: Scrolls take you a little longer to read. [an orb of fire]
 58847 | Zot:5    | Killed an orb of fire
 59075 | Zot:5    | Killed an ancient lich
 59095 | Zot:5    | Lost mutation: You are frail (-10% HP). [potion of cure mutation]
 59095 | Zot:5    | Lost mutation: Scrolls take you a little longer to read. [potion of cure mutation]
 59095 | Zot:5    | Lost mutation: Your body sometimes deteriorates upon taking damage. [potion of cure mutation]
 59095 | Zot:5    | Lost mutation: You are dopey. (Int -2) [potion of cure mutation]
 59096 | Zot:5    | Lost mutation: You often lose your temper in combat. [potion of cure mutation]
 59096 | Zot:5    | Lost mutation: Your magical capacity is low (-10% MP). [potion of cure mutation]
 59096 | Zot:5    | Lost mutation: You tend to lose your temper in combat. [potion of cure mutation]
 59164 | Zot:5    | Got the Orb of Zot
 59263 | Zot:2    | Noticed Kaac the pandemonium lord
 59334 | Depths:5 | Noticed Xucweb the pandemonium lord
 59362 | Depths:5 | Killed Xucweb the pandemonium lord
 59909 | D:$      | Escaped with the Orb!

Skill      XL: |  1  2  3  4  5  6  7  8  9 10 11 12 13 14 15 16 17 18 19 20 21 22 23 24 25 26 27 |
---------------+----------------------------------------------------------------------------------+-----
Fighting       | 4 5 6 9 11 12 13 15 17 18 19 20 21 23 24 | 24.4
Axes           | 3 4 5 6 8 9 11 13 14 15 16 17 18 20 21 22 23 24 25 | 25.0
Invocations    | 2 6 7 10 11 13 15 17 19 | 19.1
Armour         | 4 6 7 9 10 11 12 14 16 19 | 19.5
Dodging        | 2 3 5 6 8 11 12 16 | 16.2
Shields        | 4 5 7 8 10 12 14 15 18 | 18.2
Air Magic      | 3 |  3.0
Throwing       | 2 4 6 9 11 12 | 12.0
Translocations | 7 8 10 12 | 12.0
Stealth        | 5 13 | 13.7
Evocations     | 4 9 16 | 16.6
Summonings     | 8 |  8.1

Action                   |  1- 3 |  4- 6 |  7- 9 | 10-12 | 13-15 | 16-18 | 19-21 | 22-24 | 25-27 || total
-------------------------+-------+-------+-------+-------+-------+-------+-------+-------+-------++-------
Melee: War axe           |   115 |   180 |   411 |   619 |  1224 |  1579 |  1569 |  1717 |   652 ||  8066
       Broad axe         |       |       |       |       |       |       |       |       |  1411 ||  1411
Throw: Javelin           |       |       |       |       |     8 |     6 |    14 |    11 |    15 ||    54
 Cast: Blink             |       |       |       |       |       |     4 |     2 |       |     1 ||     7
       Summon Butterflie |       |       |       |       |       |       |       |       |     4 ||     4
Invok: Heroism           |       |       |     1 |    16 |    10 |    13 |    13 |    11 |    23 ||    87
       Finesse           |       |       |       |     1 |     7 |     3 |     7 |     6 |    13 ||    37
 Abil: Stop Flying       |       |       |       |       |       |       |       |     1 |       ||     1
       Evoke Flight      |       |       |       |       |       |       |       |     1 |       ||     1
Evoke: Wand              |       |       |       |     3 |     2 |     1 |     2 |     1 |    15 ||    24
       Phantom mirror    |       |       |       |       |       |       |       |       |     2 ||     2
  Use: Scroll            |     4 |     5 |     7 |    16 |    15 |    21 |     8 |     9 |    22 ||   107
       Potion            |       |     1 |     7 |     8 |     2 |    10 |     1 |     4 |    19 ||    52
 Stab: Confused          |       |       |       |       |     1 |       |       |       |     2 ||     3
       Sleeping          |       |       |       |       |       |    23 |     3 |     7 |    13 ||    46
       Distracted        |       |       |       |       |       |    11 |     3 |     7 |     8 ||    29
       Invisible         |       |       |       |       |       |       |       |       |     5 ||     5
  Eat: Chunk             |     1 |     3 |     9 |    14 |    13 |    10 |    11 |    10 |     3 ||    74
       Fruit             |       |     2 |     2 |       |     7 |    23 |     2 |       |     2 ||    38
       Pizza             |       |       |     1 |     1 |     2 |     1 |     1 |     1 |     3 ||    10
       Beef jerky        |       |       |     1 |     1 |     2 |     1 |     3 |     6 |     2 ||    16
       Royal jelly       |       |       |       |     2 |     1 |       |     1 |     4 |       ||     8
       Meat ration       |       |       |       |       |     1 |     1 |     1 |       |     2 ||     5
       Bread ration      |       |       |       |       |     1 |       |     2 |       |     6 ||     9
Armor: Scale mail        |    33 |       |       |       |       |   243 |    51 |       |       ||   327
       Chain mail        |    36 |    73 |   180 |   223 |   348 |    57 |       |       |       ||   917
       Skin              |       |       |    10 |       |       |       |       |       |       ||    10
       Plate armour      |       |       |       |       |       |       |   269 |   306 |   174 ||   749
       Mottled dragon ar |       |       |       |       |       |       |       |       |   112 ||   112
Dodge: Dodged            |    40 |    33 |    85 |   159 |   376 |   537 |   422 |   494 |   682 ||  2828
Block: Shield            |    52 |    62 |   163 |   314 |   844 |  1198 |  1088 |   507 |       ||  4228
       Reflection        |       |       |       |    13 |     7 |   108 |    80 |   125 |   114 ||   447
       Large shield      |       |       |       |       |       |       |       |  1006 |  2535 ||  3541
